AoeStats
← jmr99

Arabian Desert

510858567Analyzed
1v1 RM · 16h ago on Oct 2, 2026· 36m 4s· 2 players
Game mode
Random Map
Map size
Tiny (2 player)
Population
200
Speed
Normal
Resources
Standard
Victory
Conquest
Starting age
Dark Age
Ending age
Imperial Age
RankedLock teamsTeams togetherTeam positionsShared explorationLock speedFull tech treeHidden civsTurbo modeCheats
Victory
Defeat
🇩🇪 Tatars · Germany
989
+16
🇬🇧 Lithuanians · United Kingdom
992
-16
HonorabruSudoku
6:53 Loom
9:29 Feudal Age
10:07 Double-Bit Axe
17:22 Forging
20:48 Castle Age
20:35 Bloodlines
21:15 Fletching
21:26 Padded Archer Armor
23:37 Wheelbarrow
23:27 Husbandry
23:46 Bodkin Arrow
24:40 Pikeman
30:53 Leather Archer Armor
31:37 Ballistics
32:41 Light Cavalry
34:56 Scale Barding Armor
jmr99
6:31 Loom
9:25 Feudal Age
10:00 Double-Bit Axe
19:24 Wheelbarrow
23:04 Castle Age
21:52 Scale Barding Armor
21:59 Bloodlines
23:45 Horse Collar
26:22 Husbandry
26:59 Fletching
27:19 Forging
26:42 Pikeman
29:41 Bodkin Arrow
30:38 Elite Skirmisher
Connection lost

Rejoining the realm…

Still unreachable

The connection could not be restored.

Session expired

The server has moved on; the page needs a fresh start.